Map: Kairos Junction LE

Players

Elazer

  • Race: Zerg Zerg
  • League: Grandmaster
  • Spawn Location: 11:00

TSGSolar (Solar) - Winner!

  • Race: Zerg Zerg
  • League: Diamond
  • Spawn Location: 5:00

Event: HomeStory Cup XIX

VOD

Have the link to the VOD?

Description

Time

  • Played on: June 29, 2019, 8:35 a.m.
  • Length: 8:03

All games in this series

Show
View Real Time Build Order
Export as new Build Order

Elazer Zerg 

Build Orders: Hatch First 

Get SALT Encoding   

  12  0:00  Drone  
  13  0:12  Overlord  
  13  0:16  Drone  
  14  0:30  Drone x2  
  16  0:47  Hatchery  
  15  0:50  Drone  
  15  0:54  Drone  
  17  0:57  Drone  
  18  1:11  Spawning Pool  
  17  1:14  Drone  
  18  1:18  Extractor  
  18  1:19  Drone  
  18  1:28  Drone  
  19  1:41  Drone  
  20  1:49  Drone  
  21  1:59  Queen x2  
  21  2:00  Drone, Overlord  
  26  2:10  Drone  
  26  2:12  Drone  
  28  2:21  Drone x2  
  30  2:34  Drone x2  
  30  2:35  Lair, Queen  
  34  2:41  Evolution Chamber  
  33  2:44  Drone x2  
  33  2:45  Extractor  
  34  2:54  Overlord, Roach Warren  
  34  2:55  Drone  
  34  3:11  Drone x2  
  36  3:14  Drone x2, Overlord  
  36  3:16  Zerg Missile Weapons Level 1  
  38  3:25  Drone  
  38  3:28  Overlord  
  38  3:33  Glial Reconstitution  
  38  3:35  Roach  
  38  3:37  Roach  
  38  3:40  Overlord  
  42  3:43  Roach  
  42  3:45  Roach  
  46  3:52  Roach  
  46  3:53  Queen  
  46  3:55  Roach  
  52  3:57  Overlord  
  52  4:01  Roach  
  54  4:05  Roach  
  56  4:11  Roach  
  56  4:14  Roach  
  56  4:16  Roach  
  62  4:21  Roach  
  62  4:22  Overlord  
  64  4:29  Roach  
  66  4:35  Queen  
  66  4:36  Queen  
  70  4:39  Roach  
  70  4:40  Roach  
  74  4:47  Roach  
  74  4:48  Roach  
  78  4:59  Roach x2  
  80  5:06  Roach  
  82  5:11  Roach  
  84  5:18  Overlord  
  84  5:21  Overlord  
  84  5:33  Queen  
  84  5:35  Queen  
  84  5:37  Roach x4  
  78  5:45  Roach  
  78  5:49  Roach  
  56  5:59  Roach  
  56  6:06  Drone  
  56  6:07  Drone x6, Extractor  
  58  6:14  Queen x2  
  64  6:19  Drone  
  64  6:24  Drone  
  64  6:36  Roach x2  
  68  6:41  Roach  
  68  6:43  Roach  
  68  6:46  Roach x4  
  80  6:50  Roach x2  
  84  6:56  Queen x2  
  84  7:00  Roach x2  
  80  7:12  Roach x2  
  82  7:15  Extractor  
  82  7:20  Roach x2  
  77  7:28  Roach x5  
  77  7:31  Roach  
  69  7:39  Roach Warren  
Show
View Real Time Build Order
Export as new Build Order

TSGSolar Zerg - Winner!

Build Orders: Hatch First 

Get SALT Encoding   

  12  0:01  Drone  
  13  0:12  Overlord  
  13  0:16  Drone  
  14  0:31  Drone x2  
  16  0:47  Hatchery  
  15  0:51  Drone  
  15  0:54  Drone  
  17  0:57  Drone  
  18  1:09  Extractor  
  17  1:12  Spawning Pool  
  17  1:15  Drone  
  17  1:19  Drone  
  18  1:27  Drone  
  19  1:39  Drone  
  20  1:49  Overlord  
  20  2:00  Queen x2  
  24  2:02  Drone x2  
  24  2:08  Metabolic Boost  
  26  2:13  Drone x2  
  28  2:23  Zergling x2, Drone  
  30  2:33  Hatchery  
  30  2:36  Drone  
  30  2:42  Drone  
  31  2:46  Evolution Chamber  
  31  2:48  Drone  
  31  2:49  Overlord  
  31  2:54  Drone x2  
  33  3:03  Overlord  
  33  3:04  Drone  
  34  3:12  Drone x2  
  36  3:22  Drone x3  
  38  3:28  Drone x2  
  38  3:30  Drone x2  
  42  3:39  Zerg Ground Armor Level 1  
  42  3:41  Queen  
  44  3:43  Overlord  
  44  3:46  Zergling x6  
  44  3:48  Zergling x2  
  48  3:50  Drone, Roach Warren  
  48  3:51  Zergling x2  
  48  3:53  Zergling x2  
  50  3:57  Overlord  
  50  4:04  Overlord  
  50  4:16  Zergling x10  
  55  4:19  Overlord  
  55  4:21  Overlord  
  55  4:30  Roach x5  
  65  4:31  Zergling x2  
  65  4:32  Zergling x2  
  65  4:37  Overlord  
  67  4:41  Zergling x4  
  67  4:44  Zergling x6  
  72  4:47  Zergling x6  
  72  4:51  Zergling x8  
  79  4:58  Ravager  
  79  5:00  Zergling x4  
  79  5:03  Overlord  
  79  5:05  Roach  
  79  5:06  Zergling x2  
  83  5:13  Zergling x2  
  82  5:16  Zergling x4  
  82  5:18  Zergling x2  
  82  5:19  Zergling x10  
  89  5:22  Zergling x6  
  91  5:28  Zergling x2  
  91  5:29  Zergling x2  
  91  5:33  Zergling x2  
  91  5:35  Queen  
  82  5:38  Zergling x2  
  76  5:43  Zergling x2  
  76  5:44  Zergling x2  
  76  5:48  Hatchery, Ravager  
  67  5:50  Zergling x4, Roach x2  
  67  5:53  Zergling x4  
  69  6:04  Zergling x6  
  69  6:07  Ravager  
  69  6:11  Zergling x2  
  73  6:15  Zergling x4  
  75  6:22  Ravager  
  75  6:24  Zergling x12  
  82  6:26  Overlord x2  
  82  6:27  Zergling x6  
  82  6:28  Zergling x2  
  86  6:33  Zergling x2  
  86  6:35  Zergling x2  
  86  6:36  Zergling x2  
  89  6:44  Zergling x2  
  89  6:48  Zergling x4  
  89  6:52  Zergling x4  
  89  6:53  Ravager  
  94  6:54  Zergling x4  
  94  6:58  Zergling x14  
  97  7:04  Zergling x4  
  87  7:09  Zergling x4  
  89  7:16  Zergling x4  
  89  7:21  Zergling x12  
  87  7:23  Ravager  
  87  7:25  Zergling x14  
  86  7:30  Extractor  
  86  7:33  Zergling x6  
  86  7:36  Zergling x2  
  83  7:44  Zergling x6  
  86  8:00  Ravager  
Tags
 
Add a new tag
Caveats
  • Supply blocks, unpowered buildings, or Contaminate may cause inaccurate times.
  • Supply counts are checked every 10 seconds.